 Dungeon Crawl Stone Soup version 0.29.0-4-gdea44cf6ec (webtiles) character file.

Game seed: 16670968239406515416

21 qw the Chopper (level 2, -1/17 HPs)
             Began as a Tengu Warper on Aug 28, 2022.
             Succumbed to their own poison gas
             ... on level 1 of the Dungeon.
             The game lasted 00:00:04 (1190 turns).

qw the Chopper (Tengu Warper)                       Turns: 1190, Time: 00:00:04

Health: -1/17      AC:  6    Str: 11    XL:     2   Next: 87%
Magic:  6/6        EV: 10    Int: 13    God:
Gold:   83         SH:  0    Dex: 13    Spells: 5/5 levels left

rFire   . . .      SeeInvis .   Y - +0 hand axe
rCold   . . .      Faith    .   (no shield)
rNeg    . . .      Spirit   .   f - +0 ring mail
rPois   .          Reflect  .   (helmet restricted)
rElec   .          Harm     .   (no cloak)
rCorr   .          Rampage  .   d - +0 pair of gloves
Will    .....                   (boots unavailable)
Stlth   +.........              (no amulet)
HPRegen 0.05/turn               (no ring)
MPRegen 0.10/turn               (no ring)

@: lethally poisoned (-1 -> -22)
A: beak, talons 3
a: no special abilities


You were on level 1 of the Dungeon.
You visited 1 branch of the dungeon, and saw 1 of its levels.

You collected 83 gold pieces.


Innate Abilities, Weirdness & Mutations

You have a beak for a mouth.
You have claws for feet.


   Skills:
 - Level 2.0 Fighting
 + Level 3.6 Axes
 - Level 1.0 Throwing
 - Level 1.1 Armour
 - Level 2.1 Dodging
 - Level 2.0 Spellcasting
 - Level 2.4 Translocations


You had 5 spell levels left.
You didn't know any spells.
Your spell library contained the following spells:

 Spells                   Type           Power      Damage    Failure   Level
 Blink                    Tloc           14%        N/A       34%         2
 Gell's Gravitas          Tloc           7%         N/A       56%         3
 Lesser Beckoning         Tloc           7%         N/A       56%         3
 Teleport Other           Tloc           7%         N/A       56%         3
 Manifold Assault         Tloc           7%         N/A       99%         5

Inventory:

Hand Weapons
 g - a +0 club
 Y - a +0 hand axe (weapon)
Armour
 d - a +0 pair of gloves (worn)
 f - a +0 ring mail (worn)
Scrolls
 h - a scroll of identify

Dungeon Overview and Level Annotations

Branches:
Dungeon (1/15)

Altars:


Message History

You continue putting on your +0 pair of gloves. x4
You finish putting on your +0 pair of gloves.
1174 ||| UPGRADING to +0 ring mail.
You start removing your armour.
You continue taking off your +0 leather armour. x4
You finish taking off your +0 leather armour.
You start putting on your armour.
You continue putting on your +0 ring mail. x5
You finish putting on your +0 ring mail.
1184 ||| DROPPING +0 leather armour.
You drop a +0 leather armour.
Done exploring.
1185 ||| READING scroll labelled ENUMOIP ELIMNUAL.
As you read the scroll labelled ENUMOIP ELIMNUAL, it crumbles to dust.
You assume a fearsome visage.
Nothing appears to happen.
It was a scroll of fear.
Done exploring.
1186 ||| READING 2 scrolls labelled XOENLO CELIER.
As you read the scroll labelled XOENLO CELIER, it crumbles to dust.
It is a scroll of identify.
Really abort (and waste the scroll)?
Done exploring.
1187 ||| READING scroll labelled DUDIC YBLEA.
The air fills with toxic fumes!
As you read the scroll labelled DUDIC YBLEA, it crumbles to dust.
It was a scroll of poison.
Done exploring.
1188 ||| DROPPING scroll of blinking.
You drop a scroll of blinking.
Done exploring.
(D) Dungeon
Where to? (* - list waypoints, ? - help)
What level of the Dungeon? (default 1, ? - help) Sorry, I don't know how to get there.
Done exploring.
1189 ||| Stepping randomly (stuck).
Really walk into that cloud of poison gas?
You are engulfed in poison gas.
You are lethally poisoned!
Ouch! That really hurt!
You feel very sick.
1190 ||| Stepping ~*~*~tactically~*~*~ (cloud).
You die...

..# #.# #.# #...#.## ### #.# #.#
#..###.###### #.# #.#
#..#.........
#.####.###..#.#.######
#..............##
######......>.## #####..###
######¤¤# #@¤¤¤¤¤¤# #¤###¤¤¤#
######## #¤# #...# .......#####
#¤###..##### ...........#
#¤.........#
######.###.#######%######.## #
###.##.......%..........######
####.......#######.######........
.........).# #.# #.#######


There were no monsters in sight!

Vanquished Creatures
  A dart slug (D:1)
  An endoplasm (D:1)
  A goblin (D:1)
  3 hobgoblins (D:1)
  4 jackals (D:1)
  A quokka (D:1)
  2 ball pythons (D:1)
  A bat (D:1)
  A kobold (D:1)
  2 rats (D:1)
17 creatures vanquished.

Notes
Turn   | Place    | Note
-------+----------+-------------------------------------------
     0 | D:1      | qw the Tengu Warper began the quest for the Orb.
     0 | D:1      | Reached XP level 1. HP: 12/12 MP: 4/4
     0 | D:1      | 0 ||| qw: Version: 0.1-a-89-g26bdef1
     0 | D:1      | 0 ||| qw: Game counter: 191
     0 | D:1      | 0 ||| qw: Always use a shield: true
     0 | D:1      | 0 ||| qw: God list: Okawaru
     0 | D:1      | 0 ||| qw: Allow faded altars: false
     0 | D:1      | 0 ||| qw: Do Orc after D:15 true
     0 | D:1      | 0 ||| qw: Do second Lair branch before Depths: true
     0 | D:1      | 0 ||| qw: Lair rune preference: random
     0 | D:1      | 0 ||| qw: Plans: Normal
     0 | D:1      | 0 ||| PLANNING D:1-11
   416 | D:1      | Reached skill level 3 in Axes
   416 | D:1      | Reached XP level 2. HP: 17/17 MP: 6/6
   482 | D:1      | 482 ||| Stepping ~*~*~tactically~*~*~ (stealth).
   535 | D:1      | 535 ||| Stepping ~*~*~tactically~*~*~ (stealth).
   536 | D:1      | 536 ||| Stepping ~*~*~tactically~*~*~ (stealth).
   847 | D:1      | 847 ||| Stepping ~*~*~tactically~*~*~ (hiding).
   949 | D:1      | 949 ||| Stepping ~*~*~tactically~*~*~ (hiding).
   950 | D:1      | 950 ||| Stepping ~*~*~tactically~*~*~ (hiding).
  1169 | D:1      | 1169 ||| UPGRADING to +0 pair of gloves.
  1174 | D:1      | 1174 ||| UPGRADING to +0 ring mail.
  1184 | D:1      | 1184 ||| DROPPING +0 leather armour.
  1185 | D:1      | 1185 ||| READING scroll labelled ENUMOIP ELIMNUAL.
  1186 | D:1      | 1186 ||| READING 2 scrolls labelled XOENLO CELIER.
  1187 | D:1      | 1187 ||| READING scroll labelled DUDIC YBLEA.
  1188 | D:1      | 1188 ||| DROPPING scroll of blinking.
  1189 | D:1      | 1189 ||| Stepping randomly (stuck).
  1189 | D:1      | HP: 3/17 [poisoned by you (poison gas)]
  1190 | D:1      | 1190 ||| Stepping ~*~*~tactically~*~*~ (cloud).
  1190 | D:1      | Succumbed to their own poison gas

Levels and vault maps discovered:
D:1:      nicolae_arrival_memento_mori, layout_loops_ring

Skill      XL: |  1 |
---------------+----+-----
Axes           | 3 |  3.6
Fighting       | |  2.0
Throwing       | |  1.0
Armour         | |  1.1
Dodging        | |  2.1
Spellcasting   | |  2.0
Translocations | |  2.4

Action                   || total
-------------------------++-------
Melee: Hand axe          ||    42
       Kick              ||    11
       Peck              ||     5
Throw: Boomerang         ||     7
  Use: Scroll            ||     3
Armor: Leather armour    ||    11
Dodge: Dodged            ||    21

Table legend:
 A = Non-vault XP
 B = Vault XP
 C = Vault XP percentage of total XP
 D = Non-vault monster count
 E = Vault monster count
 F = Vault count percentage of total count
                 A         B        C        D         E       F
            +---------+---------+-------+---------+---------+-------
      Total |      31 |       0 |   0.0 |      17 |       0 |   0.0
            +---------+---------+-------+---------+---------+-------
        D:1 |      31 |       0 |   0.0 |      17 |       0 |   0.0
            +---------+---------+-------+---------+---------+-------
